[Event "Romanian Women Championship 2024"]
[Site "Eforie Nord"]
[Date "2024.03.02"]
[Round "9.2"]
[White "Ciolacu, Alessia-Mihaela"]
[Black "Peptan, Corina-Isabela"]
[Result "1/2-1/2"]
[ECO "A40"]
[WhiteElo "2175"]
[BlackElo "2314"]
[Annotator "TA"]
[PlyCount "69"]
[EventDate "2024.02.24"]
[EventType "swiss"]
[EventCountry "ROU"]
[SourceTitle "playchess.com"]
[Source "ChessBase"]
[SourceQuality "1"]
[TimeControl "40/5400+30:900+30"]

1. d4 e6 2. c4 Bb4+ 3. Bd2 a5 4. a3 Bxd2+ 5. Qxd2 d5 6. Nc3 dxc4 7. e3 Nf6 8. Bxc4 {[%emt 0:01:25] White is slightly better.} O-O 9. Nf3 b6 10. Rc1 Bb7 11. Be2 Qe7 12. O-O Nbd7 13. Nb5 c6 14. Nc3 {[%emt 0:00:14] Wards off Ne4} c5 15. Rfd1 Rfd8 16. Qc2 Rac8 17. Qb3 Nd5 18. dxc5 Rxc5 19. Na4 Rcc8 20. Bb5 N7f6 21. Nd4 Rxc1 22. Rxc1 Rc8 23. Rd1 Ne4 24. Qd3 Nc5 25. Nxc5 Qxc5 26. Ne2 Qe7 27. e4 Nf6 28. Nc3 h6 29. Qe3 Qc7 30. Qd4 Ng4 31. Qd6 Ne5 32. Qxc7 Rxc7 33. Rd6 Bc6 34. Bxc6 Rxc6 35. Rxc6 {[%emt 0:01:52] Weighted Error Value: White=0.10 (very precise) /Black=0.10 (very precise) .  Inaccurate:     	White=3     	Black=4      OK:         	White=9     	Black=11} 1/2-1/2

[Event "Romanian Women Championship 2024"]
[Site "Eforie Nord"]
[Date "2024.03.02"]
[Round "9.3"]
[White "Trifoi, Mihaela-Ioana"]
[Black "Cosma, Elena-Luminita"]
[Result "1/2-1/2"]
[ECO "C02"]
[WhiteElo "2003"]
[BlackElo "2236"]
[Annotator "TA"]
[PlyCount "99"]
[EventDate "2024.02.24"]
[EventType "swiss"]
[EventCountry "ROU"]
[SourceTitle "playchess.com"]
[Source "ChessBase"]
[SourceQuality "1"]
[TimeControl "40/5400+30:900+30"]

1. e4 e6 2. d4 d5 3. e5 c5 4. c3 Nc6 5. Nf3 Bd7 6. a3 Nge7 7. Be3 (7. Bd3 $11) 7... Nf5 $15 8. Bd3 cxd4 9. cxd4 Nxe3 10. fxe3 Rc8 11. O-O Be7 12. Nc3 h6 13. Rc1 Na5 14. Qe2 O-O 15. Kh1 a6 16. e4 Be8 $2 (16... dxe4 $11 {and Black stays safe.} 17. Qxe4 g6) 17. exd5 $18 {[%emt 1:08:06] Hoping for d6.} exd5 18. b4 Nc6 19. Bb1 {[%emt 0:00:00] White has more active pieces.} g6 (19... Na7 $16 {is a better defense.}) 20. Ba2 Na7 21. Qd2 (21. Bxd5 Rxc3 22. Qe4 (22. Bxf7+ $2 Rxf7 23. Rxc3 Bb5 $19) 22... Kg7 $18 (22... Rxa3 23. Qxg6+ Kh8 24. Qxh6+ Kg8 25. Be4 f5 26. exf6 Rf7 27. Ng5)) 21... Kg7 (21... Rxc3 $142 22. Qxc3 (22. Rxc3 Nb5 $18) 22... Nb5) 22. Nxd5 (22. Bxd5 $2 {loses.} Rxc3 23. Rxc3 Qxd5 $19) 22... Bb5 23. Rxc8 Nxc8 24. Rc1 Bc6 25. Nxe7 Nxe7 {[%emt 0:00:30] [#]} 26. Ne1 (26. d5 $1 $18 Nxd5 27. Rd1) 26... Qd7 27. Nc2 Qg4 ({Black should play} 27... Rd8) 28. Ne3 $16 Qg5 29. Rd1 $36 {[%emt 0:00:30][%mdl 2048] Black is under strong pressure.} Be4 30. Qf2 {[%emt 0:00:30] h4 is the strong threat.} Nf5 31. Nxf5+ Bxf5 32. Bd5 b5 33. Bb7 {[%emt 0:00:00] Prevents Rc8} Rb8 {[%emt 0:00:16] [#]} (33... Qe7 $16) 34. Bf3 ({Weaker is} 34. Bxa6 Rb6 35. Bxb5 (35. h4 $2 Qg4 $19) 35... Rxb5 $15) (34. Bc6 $1 $18) 34... Rc8 35. d5 Rc1 36. Qd4 Rxd1+ 37. Bxd1 {[%emt 0:00:00][%mdl 4096] Endgame. aiming for d6. KQB-KQB} Kf8 (37... Kg8 $16 38. h3 Qg3) 38. Qc5+ $2 (38. d6 $18 {Black must now prevent h4.} Be6 39. h4) 38... Kg8 $1 $11 39. Bf3 Qd2 {[%emt 0:00:18] Inhibits Qc3.} 40. d6 Qe1+ {[%emt 0:00:00] The position is equal.} 41. Qg1 Qxe5 42. Qd1 Bd7 {[%emt 0:00:50] Wards off Bc6} 43. h3 Kg7 44. Qd3 f5 45. Bb7 Kf6 46. Bxa6 Qe1+ 47. Kh2 Qe5+ 48. Kh1 Qe1+ 49. Kh2 Qe5+ 50. Kh1 {[%emt 0:00:00] White really could win this.   Weighted Error Value: White=0.31/Black=0.29 (precise) .  Loses game:     	---       	Black=1      Missed win:     	White=1     	---        Mistake:       	White=2     	Black=5      Inaccurate:     	White=3     	Black=5      OK:         	White=14    	Black=17     Best:        	White=3     	---        Strong:       	---       	Black=1} 1/2-1/2

[Event "Romanian Women Championship 2024"]
[Site "Eforie Nord"]
[Date "2024.03.02"]
[Round "9.4"]
[White "Schiopu, Oana-Magdalena"]
[Black "Sandu, Mihaela"]
[Result "0-1"]
[ECO "C23"]
[WhiteElo "1750"]
[BlackElo "2265"]
[Annotator "TA"]
[PlyCount "106"]
[EventDate "2024.02.24"]
[EventType "swiss"]
[EventCountry "ROU"]
[SourceTitle "playchess.com"]
[Source "ChessBase"]
[SourceQuality "1"]
[TimeControl "40/5400+30:900+30"]

1. e4 e5 2. Bc4 Nc6 3. Ne2 Bc5 4. O-O Nf6 5. Ng3 d6 6. h3 h5 7. d3 (7. Bd5 $11) 7... h4 $17 8. Ne2 {[%emt 0:01:45] Black is slightly better.} Be6 (8... g5 $1 $15 9. b4 (9. Bxg5 Rg8 $11) 9... Nxb4) 9. Bxe6 $11 fxe6 10. c3 Bb6 11. Kh1 Qd7 12. Nd2 d5 13. exd5 (13. Qc2 $11) 13... exd5 14. Nf3 {[%emt 0:01:39] Prevents g5} O-O-O 15. b4 e4 16. Nfd4 Ne5 17. dxe4 Nxe4 18. f4 {[%emt 0:11:21] White is now going downhill.} ({White should try} 18. a4 $15) 18... Nc6 ({Black should play} 18... Nc4 $19 19. a4 a6) 19. Kh2 {[%emt 0:02:08] [#]} Nxc3 $1 {[%emt 0:01:32][%mdl 512] Black is much more active.} 20. Nxc3 {[%emt 0:02:17] Nxc6 is the strong threat.} Nxd4 21. a4 (21. Na4 $17 Nf5 22. Nxb6+ axb6 23. a4) 21... Nf5 $19 22. Ne2 Ne3 23. Bxe3 Bxe3 24. Qd3 (24. Nc1 $142) 24... d4 25. b5 Rh5 26. Rad1 Rd5 27. Rf3 Qd6 28. Kh1 (28. Qe4 {was necessary.}) 28... a5 29. f5 {[%emt 0:03:12] White is weak on the dark squares} Kb8 30. Rdf1 Re8 31. f6 gxf6 32. Rxf6 Qc5 33. Kh2 $2 (33. Qg6 Rdd8 34. Qd3) 33... Bg5 34. R6f5 Qd6+ 35. Kh1 Rxf5 36. Rxf5 Bf6 37. Rf3 Qe5 38. Ng1 Bg5 39. Qg6 {[%emt 0:00:46] [#] aiming for Rf5.} Be3 40. Ne2 $2 (40. Rf1) 40... Qe4 41. Qf7 Rc8 42. Qd7 (42. Qb3 $142) 42... Qd3 {[%emt 0:00:55] ( -> ...Qd1+)} 43. Rxe3 Qxe3 44. Nxd4 {[%emt 0:00:09][%mdl 4096] Endgame. KQR-KQN} Qe1+ 45. Kh2 Qe5+ 46. Kh1 Rf8 47. Nf3 Qa1+ 48. Kh2 Qxa4 49. Nd4 Qb4 {[%emt 0:00:47] And now ...Qc5 would win.} 50. Ne6 Rc8 {[%emt 0:00:09] White must now prevent ...a4.} 51. Kh1 Qd6 {[%emt 0:00:21] Black mates.} 52. Qf7 a4 53. Qf5 Re8 {[%emt 0:00:58] Weighted Error Value: White=0.63/Black=0.24 (precise) .  Mistake:       	White=9     	Black=2      Inaccurate:     	White=4     	Black=3      OK:         	White=9     	Black=14     Best:        	White=1     	Black=3} 0-1

[Event "Romanian Women Championship 2024"]
[Site "Eforie Nord"]
[Date "2024.03.02"]
[Round "9.5"]
[White "Aldea, Maria-Antonia"]
[Black "Obada, Ema"]
[Result "0-1"]
[ECO "D37"]
[WhiteElo "1726"]
[BlackElo "1969"]
[Annotator "NA RC"]
[PlyCount "120"]
[EventDate "2024.02.24"]
[EventType "swiss"]
[EventCountry "ROU"]
[SourceTitle "playchess.com"]
[Source "ChessBase"]
[SourceQuality "1"]
[TimeControl "40/5400+30:900+30"]

1. Nf3 Nf6 2. c4 e6 3. Nc3 d5 4. d4 a6 5. g3 b6 6. Bg2 Bb7 7. cxd5 exd5 8. O-O Be7 9. Qc2 O-O 10. Bf4 Nbd7 11. Rad1 Rc8 $14 12. Ne5 Re8 13. Bh3 Ra8 14. Na4 Nxe5 15. Bxe5 Bd6 16. Bxd6 Qxd6 17. Rc1 Re7 18. e3 Rae8 19. Nc3 Ne4 20. Bg2 h5 21. Ne2 h4 22. g4 Qd7 23. h3 a5 24. Nf4 Ba6 25. Rfe1 Bb5 26. f3 Ng3 27. Kf2 Qd6 28. b3 Rc8 29. a4 Be8 30. Nd3 f6 31. Nf4 g5 32. Nd3 Bg6 33. Qd2 Rce8 34. Rc3 Kg7 35. Qc1 Qd7 36. Qd2 Qd6 37. Qc1 Rc8 38. Rc6 Qd7 39. Rd1 Rce8 40. Rc3 Kh6 41. Re1 Rc8 42. Qd2 Qd6 43. Rec1 c6 44. Re1 Rec7 45. Rec1 Qe6 46. Nb2 f5 47. Nd3 fxg4 48. hxg4 Bxd3 49. Rxd3 Rf8 50. Kg1 h3 51. Bxh3 Rxf3 52. Bg2 Ne4 53. Qd1 Rg3 54. Rc2 Kg6 55. Kh2 Rh7+ 56. Kg1 Rxg4 57. Kf1 Rf7+ 58. Ke1 Rxg2 59. Rxg2 Qh3 60. Qg4 Qxg4 0-1

[Event "Romanian Women Championship 2024"]
[Site "Eforie Nord"]
[Date "2024.03.02"]
[Round "9.6"]
[White "Batagan, Ilinca-Petra"]
[Black "Maria, Lia-Alexandra"]
[Result "1-0"]
[ECO "B94"]
[WhiteElo "1859"]
[BlackElo "1937"]
[Annotator "NA RC"]
[PlyCount "69"]
[EventDate "2024.02.24"]
[EventType "swiss"]
[EventCountry "ROU"]
[SourceTitle "playchess.com"]
[Source "ChessBase"]
[SourceQuality "1"]
[TimeControl "40/5400+30:900+30"]

1. e4 c5 2. Nf3 d6 3. d4 Nf6 4. Nc3 cxd4 5. Nxd4 a6 6. Bg5 Nbd7 7. Qe2 g6 8. f4 h6 9. Bh4 e5 10. fxe5 dxe5 11. O-O-O Qc7 12. Nb3 b5 13. Rxd7 Nxd7 14. Nd5 $11 Qd6 15. Na5 g5 16. Be1 Rb8 17. Bb4 Qg6 18. Qe1 Bc5 19. Bd3 Qd6 20. Rf1 O-O 21. Bxc5 Qxc5 22. Nc6 Ra8 23. Nce7+ Kh7 24. h4 Qd6 25. hxg5 Bb7 26. Rh1 Rae8 27. Rxh6+ Qxh6 28. gxh6 Bxd5 29. exd5+ e4 30. Qg3 Rg8 31. Nxg8 Rxg8 32. Bxe4+ Kh8 33. Qc3+ f6 34. Qc7 Ne5 35. Qh7# 1-0

[Event "Romanian Women Championship 2024"]
[Site "Eforie Nord"]
[Date "2024.03.02"]
[Round "9.7"]
[White "Iordache, Alexia-Andreea"]
[Black "Paraschiv, Petronela-Alexandra"]
[Result "1/2-1/2"]
[ECO "A05"]
[WhiteElo "1769"]
[BlackElo "1875"]
[Annotator "NA RC"]
[PlyCount "140"]
[EventDate "2024.02.24"]
[EventType "swiss"]
[EventCountry "ROU"]
[SourceTitle "playchess.com"]
[Source "ChessBase"]
[SourceQuality "1"]
[TimeControl "40/5400+30:900+30"]

1. Nf3 Nf6 2. g3 b5 3. Bg2 Bb7 4. d3 c5 5. O-O e6 6. e4 d6 7. Nbd2 Be7 8. a4 a6 9. Re1 O-O 10. Nf1 Nbd7 11. N3d2 Qc7 12. Ne3 Nb6 13. a5 Nc8 14. f4 Na7 15. g4 d5 16. e5 Nd7 17. g5 c4 18. d4 c3 19. bxc3 Qxc3 20. Nb3 Rfc8 21. Bd2 Qc7 22. Qh5 Nf8 23. Bf1 Bc6 24. Bd3 b4 25. Bxa6 Rcb8 26. Rf1 Nb5 27. Bxb5 Bxb5 28. Rf2 Be8 29. Qg4 Kh8 30. h4 g6 31. Rh2 Bd8 32. Kf2 Qe7 33. h5 Ra7 34. Qe2 Bb5 35. Qe1 Bc4 36. Ra4 Bxb3 37. cxb3 Bxa5 38. Nc2 Qc7 39. Nxb4 Bb6 40. Qe3 Rxa4 41. bxa4 Qc4 42. Kg3 Bxd4 43. Qe2 Qb3+ 44. Nd3 Qxa4 45. hxg6 fxg6 46. Be3 Rb3 47. Kg4 Qc4 48. Bxd4 Qxd4 49. Rh3 Ra3 50. Qc2 Qc3 51. Qxc3 Rxc3 52. Nf2 Rc2 53. Nd3 Nd7 54. Nb4 Rc4 55. Rb3 Nxe5+ 56. Kg3 Nf7 57. Nd3 Kg7 58. Kf3 Rc7 59. Rb6 Re7 60. Nc5 Nd8 61. Rd6 Rc7 62. Nxe6+ Nxe6 63. Rxe6 Rc3+ 64. Ke2 Rc4 65. Ke3 Kf7 66. Rd6 Re4+ 67. Kf3 Rd4 68. Rd7+ Kg8 69. Rd8+ Kf7 70. Rd7+ Kg8 1/2-1/2

[Event "Romanian Women Championship 2024"]
[Site "Eforie Nord"]
[Date "2024.03.02"]
[Round "9.8"]
[White "Pirvulescu, Ekaterina"]
[Black "Ciocirlan, Bianca-Alexandra"]
[Result "1-0"]
[ECO "C78"]
[WhiteElo "2091"]
[BlackElo "1542"]
[Annotator "NA RC"]
[PlyCount "97"]
[EventDate "2024.02.24"]
[EventType "swiss"]
[EventCountry "ROU"]
[SourceTitle "playchess.com"]
[Source "ChessBase"]
[SourceQuality "1"]
[TimeControl "40/5400+30:900+30"]

1. e4 e5 2. Nf3 Nc6 3. Bb5 a6 4. Ba4 b5 5. Bb3 Nf6 6. O-O Bc5 7. c3 d6 8. d4 exd4 9. cxd4 Bb6 10. Nc3 Bg4 11. e5 dxe5 12. dxe5 Qxd1 13. Rxd1 Ng8 ({Avoid the trap} 13... Bxf3 $2 14. gxf3 Ng8 (14... Nxe5 $2 {too greedy.} 15. Re1 $18) 15. Nd5 $18) 14. Nd5 Nge7 $16 15. Be3 O-O 16. Nxb6 cxb6 17. Bxb6 Bxf3 18. gxf3 Nxe5 19. Bc5 Rfe8 20. f4 N5g6 21. Rd7 Rad8 22. Rad1 Rxd7 23. Rxd7 Kf8 24. f5 Ne5 25. Ra7 Nc4 26. Rxa6 Rc8 27. Bb4 Ke8 28. f6 gxf6 29. Bc3 Nd5 30. Bxf6 Nxf6 31. Rxf6 Ke7 32. Rf5 Rg8+ 33. Kf1 Nd6 34. Re5+ Kf6 35. Rh5 Rh8 36. Bc2 h6 37. Bd3 b4 38. Rh4 Ra8 39. Rxh6+ Ke7 40. Rh4 Rxa2 41. Rxb4 Ra1+ 42. Ke2 Rh1 43. Rh4 f5 44. b4 Ra1 45. Ke3 Ra2 46. Rf4 Rb2 47. Bxf5 Nxf5+ 48. Rxf5 Rxb4 49. Kf3 1-0

[Event "Romanian Women Championship 2024"]
[Site "Eforie Nord"]
[Date "2024.03.02"]
[Round "9.9"]
[White "Sunea, Sara Maria"]
[Black "Puia, Alexia-Teodora"]
[Result "1/2-1/2"]
[ECO "B22"]
[WhiteElo "1561"]
[BlackElo "1751"]
[Annotator "NA RC"]
[PlyCount "76"]
[EventDate "2024.02.24"]
[EventType "swiss"]
[EventCountry "ROU"]
[SourceTitle "playchess.com"]
[Source "ChessBase"]
[SourceQuality "1"]
[TimeControl "40/5400+30:900+30"]

1. e4 c5 2. Nf3 Nc6 3. c3 d5 4. exd5 Qxd5 5. d4 e5 6. dxe5 Qxd1+ 7. Kxd1 Bg4 8. Bf4 Nge7 9. Bd3 O-O-O 10. Ke2 Ng6 11. Bxg6 hxg6 12. Nbd2 Be7 13. Rhe1 g5 14. Bg3 Bf5 15. h3 g4 16. hxg4 Bxg4 17. Nc4 Kd7 18. Ne3 Bh5 19. Kf1 Ke6 20. Kg1 Bxf3 21. gxf3 Bh4 22. f4 Bxg3 23. fxg3 Rd2 24. f5+ Ke7 25. Nc4 Rd3 26. Re3 Rxe3 27. Nxe3 Nxe5 28. Rd1 Rd8 29. Nd5+ Kf8 30. Kf2 Nc4 31. b3 Nb6 32. Ne3 Rxd1 33. Nxd1 Nd5 34. Kf3 Ke7 35. Ke4 Kd6 36. c4 Nb4 37. Nc3 a6 38. g4 b6 1/2-1/2

[Event "Romanian Women Championship 2024"]
[Site "Eforie Nord"]
[Date "2024.03.02"]
[Round "9.10"]
[White "Chicarosie, Ioana-Bianca"]
[Black "Badica, Ariana"]
[Result "1-0"]
[ECO "D27"]
[WhiteElo "1705"]
[BlackElo "1494"]
[Annotator "NA RC"]
[PlyCount "63"]
[EventDate "2024.02.24"]
[EventType "swiss"]
[EventCountry "ROU"]
[SourceTitle "playchess.com"]
[Source "ChessBase"]
[SourceQuality "1"]
[TimeControl "40/5400+30:900+30"]

1. d4 d5 2. Nf3 Nf6 3. e3 c5 4. c4 dxc4 5. Bxc4 e6 6. Nbd2 cxd4 7. Nxd4 a6 8. O-O Bd6 9. b3 O-O 10. Bb2 Nbd7 11. Rc1 b5 12. Bxe6 fxe6 13. Nxe6 Qe7 14. Nxf8 Qxf8 15. Ne4 Bxh2+ 16. Kxh2 Bb7 17. Nxf6+ Nxf6 18. Bxf6 Qxf6 19. Qd7 Be4 20. Rc8+ Rxc8 21. Qxc8+ Kf7 22. Qd7+ Qe7 23. Qxe7+ Kxe7 24. b4 Bd3 25. Rd1 Bc4 26. a3 g6 27. Kg3 h6 28. Rh1 h5 29. e4 Ke6 30. f4 Bd3 31. Kf3 Bc4 32. Rd1 1-0

[Event "Romanian Women Championship 2024"]
[Site "Eforie Nord"]
[Date "2024.03.02"]
[Round "9.11"]
[White "Hoanca, Alexia-Ioana"]
[Black "Bira, Andrada-Paraschiva"]
[Result "1-0"]
[ECO "B95"]
[WhiteElo "1748"]
[BlackElo "1590"]
[Annotator "NA RC"]
[PlyCount "77"]
[EventDate "2024.02.24"]
[EventType "swiss"]
[EventCountry "ROU"]
[SourceTitle "playchess.com"]
[Source "ChessBase"]
[SourceQuality "1"]
[TimeControl "40/5400+30:900+30"]

1. e4 c5 2. Nf3 d6 3. d4 cxd4 4. Nxd4 Nf6 5. Nc3 e6 6. Bg5 Be7 7. Qd2 a6 8. O-O-O Qc7 9. Kb1 O-O 10. f3 b5 11. a3 Bb7 12. h4 Nbd7 13. g4 Ne5 14. Be3 Rac8 15. Rh3 Nc4 16. Bxc4 Qxc4 17. h5 b4 18. axb4 Qxb4 19. g5 Nd7 20. Nd5 Qxd2 21. Nxe7+ Kh8 22. Bxd2 Rc4 23. Bc3 Re8 24. Nef5 exf5 25. Nxf5 Rxc3 26. bxc3 d5 27. Kc1 Nb6 28. Nd6 Re7 29. Nxb7 Rxb7 30. exd5 Rd7 31. d6 a5 32. Rh4 Kg8 33. c4 Kf8 34. c5 Nc8 35. Ra4 Na7 36. Rxa5 Nc6 37. Ra8+ Rd8 38. Rxd8+ Nxd8 39. Re1 1-0

[Event "Romanian Women Championship 2024"]
[Site "Eforie Nord"]
[Date "2024.03.02"]
[Round "9.12"]
[White "Kiss, Hanna"]
[Black "Vorniceanu, Alina"]
[Result "1/2-1/2"]
[ECO "B82"]
[WhiteElo "1446"]
[BlackElo "1476"]
[Annotator "NA RC"]
[PlyCount "38"]
[EventDate "2024.02.24"]
[EventType "swiss"]
[EventCountry "ROU"]
[SourceTitle "playchess.com"]
[Source "ChessBase"]
[SourceQuality "1"]
[TimeControl "40/5400+30:900+30"]

1. e4 c5 2. Nf3 e6 3. d4 cxd4 4. Nxd4 a6 5. Nc3 Qc7 6. Bd3 Nf6 7. Qe2 d6 8. f4 e5 9. Nf3 b5 10. a3 Bb7 11. Bd2 Be7 12. Qf2 Nbd7 13. O-O d5 14. Qe2 O-O 15. fxe5 Nxe5 16. Nxe5 Qxe5 17. exd5 Qxe2 18. Bxe2 Nxd5 19. Bf3 Bc5+ 1/2-1/2